cohdb
Replays
Latest Replays
All Replays
Popular Replays
Top Player Replays
Match Explorer
How It Works
Community
CoH3 Stats
Reddit
Sign in to upload your games and track your stats! →
Sign in with Steam
Match 41395360
Unlisted
Match 41395360
Overview
Messages
Build Orders
End
Construct Infanterie Kompanie
Kettenkrad Recon Vehicle
Grenadier Squad
Grenadier Squad
Grenadier Squad
MG 42 Machine Gun Team
Infanterie Officer Quarters
Selects Terror Battlegroup
Selects Machine Gun Camouflage
Selects Interrogate
Construct Luftwaffe Kompanie
Flak 30 Anti-aircraft Gun Team
Jäger Squad
Luftwaffe Officer Quarters
Jäger Squad
Medical Bunker
Support Elements
Marder III M Tank Destroyer
Pioneer Squad
Construct Panzer Kompanie
Selects Defend the Fatherland
Selects King Tiger Heavy Tank
King Tiger Heavy Tank
Stoßtruppen Squad
Panzer Officer Quarters
Selects Propaganda Leaflet Drop
Selects V1 Rocket Strike
V1 Rocket Strike
Grand.G
Wolfstorm
0
0
Comments
sign in to comment!
No comments posted yet!